 Dungeon Crawl Stone Soup version 0.29.1-15-g9cfb28693d (webtiles) character file.

Game seed: 4459565413828083899

149 vishdafish the Conjurer (level 5, 32/35 HPs)
             Began as a Demonspawn Conjurer on Mar 29, 2023.
             Quit the game on level 3 of the Dungeon.
             The game lasted 00:02:24 (2985 turns).

vishdafish the Conjurer (Demonspawn Conjurer)       Turns: 2985, Time: 00:02:25

Health: 32/35      AC:  3    Str:  7    XL:     5   Next: 9%
Magic:  3/10       EV: 12    Int: 23    God:
Gold:   73         SH:  0    Dex: 12    Spells: 10/11 levels left

rFire   . . .      SeeInvis .   i - +3 dagger
rCold   . . .      Faith    .   (no shield)
rNeg    . . .      Spirit   .   a - +0 robe
rPois   .          Reflect  .   j - +0 helmet
rElec   .          Harm     .   (no cloak)
rCorr   .          Rampage  .   (no gloves)
Will    .....                   (no boots)
Stlth   ++........              (no amulet)
HPRegen 0.11/turn               (no ring)
MPRegen 0.12/turn               (no ring)

@: no status effects
A: powered by pain 1, big brain 1
a: no special abilities


You were on level 3 of the Dungeon.
You visited 1 branch of the dungeon, and saw 3 of its levels.

You collected 128 gold pieces.
You spent 55 gold pieces at shops.

Inventory:

Hand Weapons
 b - a +0 dagger
 i - a +3 dagger (weapon)
Armour
 a - a +0 robe (worn)
 j - a +0 helmet (worn)
Jewellery
 o - a ring of protection from cold
Scrolls
 c - 2 scrolls of vulnerability {unknown}
 d - 2 scrolls of identify {unknown}
 g - a scroll of teleportation {unknown}
Potions
 e - 3 potions of curing {unknown}
 f - 2 potions of flight {unknown}
 h - 2 potions of heal wounds
 k - a potion of might {unknown}
 l - a potion of lignification {unknown}
 m - a potion of mutation {unknown}
 n - a potion of resistance {unknown}


   Skills:
 - Level 1.7 Dodging
 - Level 1.7 Stealth
 + Level 3.7 Spellcasting
 + Level 5.3 Conjurations


You had 10 spell levels left.
You knew the following spells:

 Your Spells              Type           Power      Damage    Failure   Level
a - Magic Dart            Conj           100%       1d8       1%          1

Your spell library contained the following spells:

 Spells                   Type           Power      Damage    Failure   Level
 Searing Ray              Conj           56%        2d6       1%          2
 Dazzling Flash           Conj/Hex       32%        N/A       11%         3
 Fulminant Prism          Conj/Hex       8%         3d7       34%         4
 Iskenderun's Mystic Bla  Conj/Tloc      16%        2d5       34%         4


Dungeon Overview and Level Annotations

Branches:
Dungeon (3/15)

Altars:

Shops:
D:1 ![[


Innate Abilities, Weirdness & Mutations

You sometimes gain a little power by taking damage.
You have an unusually large brain. (Int +2)


Message History

An endoplasm comes into view.
An endoplasm is nearby!
An endoplasm is nearby!
Aiming: Magic Dart (safe; 1% risk of failure)
Press: ? - help, Q - select action Shift-Dir - straight line, f - endoplasm
Aim: an endoplasm (wandering, hasn't noticed you, 100% to hit)
The magic dart hits the endoplasm.
You kill the endoplasm!
HP restored.
o - a ring of protection from cold An orc wizard comes into view.
It is wielding a +0 dagger of holy wrath.
An orc wizard is nearby!
An orc wizard is nearby!
The magic dart hits the orc wizard but does no damage.
The magic dart hits the orc wizard.
The orc wizard is lightly wounded.
You can't see any susceptible monsters within range! (Use Z to cast anyway.)
You can't see any susceptible monsters within range! (Use Z to cast anyway.)
You can't see any susceptible monsters within range! (Use Z to cast anyway.)
An orc wizard is nearby!
The magic dart hits the orc wizard but does no damage.
The orc wizard is lightly wounded.
The magic dart hits the orc wizard.
The orc wizard is moderately wounded.
The orc wizard gestures at you while chanting.
You resist with some effort.
The magic dart hits the orc wizard.
The orc wizard is heavily wounded.
The magic dart hits the orc wizard.
The orc wizard is severely wounded.
The orc wizard hits you with a +0 dagger of holy wrath.
You convulse.
The magic dart hits the orc wizard!
You kill the orc wizard!
You have reached level 5!
Your demonic ancestry asserts itself...
You feel energised by your suffering.
Things that are here:
a +0 dagger of holy wrath; a +0 robe Are you sure you want to abandon this character and quit the game? (Confirm with "yes".)

#.#####.....#.#
#.#####..<).#.#
#..............
#..####.....#..
##...###........
##.............#. ..###
#......##.#......
......##......##.#..#...
.......@......##........
......##.##.#.####......
..### #.##.#.......#)..
#......#####.....
#..............#.
#.##...####...... #.# ..
#.###.. .# .. #. #.) #)#


There were no monsters in sight!

Vanquished Creatures
  An orc wizard (D:3)
  2 gnolls (D:3)
  4 adders (D:2)
  3 dart slugs
  5 orcs (D:3)
  4 ball pythons
  3 bats
  3 endoplasms
  2 giant cockroaches
  5 goblins
  A hobgoblin (D:2)
  7 jackals
  3 quokkas
  5 frilled lizards
  5 kobolds
  3 rats (D:1)
56 creatures vanquished.

Notes
Turn   | Place    | Note
-------+----------+-------------------------------------------
     0 | D:1      | vishdafish the Demonspawn Conjurer began the quest for the
                  | Orb.
     0 | D:1      | Reached XP level 1. HP: 13/13 MP: 3/3
    84 | D:1      | Gained mutation: You have an unusually large brain. (Int
                  | +2) [demonic ancestry]
    84 | D:1      | Reached XP level 2. HP: 4/19 MP: 0/5
   537 | D:1      | Found Myechuoc's Antique Armour Boutique.
   766 | D:1      | Found Lanei's Distillery.
   774 | D:1      | Bought a potion of heal wounds for 55 gold pieces
   973 | D:1      | Found Soosan's Antique Armour Shop.
  1430 | D:2      | Reached XP level 3. HP: 24/24 MP: 5/7
  1714 | D:2      | Reached XP level 4. HP: 30/30 MP: 5/8
  2451 | D:3      | Reached skill level 5 in Conjurations
  2984 | D:3      | Gained mutation: You sometimes gain a little power by
                  | taking damage. [demonic ancestry]
  2984 | D:3      | Reached XP level 5. HP: 32/35 MP: 2/10
  2985 | D:3      | Quit the game

Illustrated notes

Levels and vault maps discovered:
D:1:      dpeg_arrival_arbitrary_a, layout_basic, serial_shops, shop, shop,
          shop_fountains, chequers_arboretum
D:2:      layout_basic
D:3:      minmay_angry_zag, layout_loops_cross,
          hellmonk_ecumenical_altar_defaced_shrine, minmay_misc_feat_plants

Skill      XL: |  1  2  3  4 |
---------------+-------------+-----
Spellcasting   | 3 |  3.7
Conjurations   | 5 |  5.3
Dodging        | |  1.7
Stealth        | |  1.7

Action                   |  1- 3 |  4- 6 || total
-------------------------+-------+-------++-------
Melee: Unarmed           |    10 |       ||    10
       Dagger            |    13 |    26 ||    39
       Punch             |     1 |       ||     1
 Cast: Magic Dart        |    49 |    48 ||    97
  Use: Potion            |     1 |       ||     1
Armor: Robe              |    15 |     6 ||    21
Dodge: Dodged            |    27 |    19 ||    46
